 Dungeon Crawl Stone Soup version 0.26.1-15-g04117e645d (webtiles) character file.

Game seed: 3745487446306705350

59 tkbsonic5 the Digger (level 3, -13/33 HPs)
             Began as a Troll Earth Elementalist on Dec 1, 2022.
             Was a Follower of Makhleb.
             Mangled by an ogre
             ... wielding a +0 giant spiked club
              (23 damage)
             ... on level 4 of the Dungeon.
             The game lasted 00:10:01 (2328 turns).

tkbsonic5 the Digger (Troll Earth Elementalist)     Turns: 2328, Time: 00:10:02

Health: -13/33     AC:  8    Str: 16    XL:     3   Next: 78%
Magic:  0/4        EV: 10    Int: 12    God:    Makhleb [*.....]
Gold:   161        SH:  0    Dex: 10    Spells: 2/5 levels left

rFire    . . .     SeeInvis .   (no weapon)
rCold    . . .     Faith    .   (no shield)
rNeg     + . .     Spirit   .   c - +2 robe
rPois    .         Reflect  .   (helmet restricted)
rElec    .         Harm     .   (no cloak)
rCorr    .         Rampage  .   (gloves unavailable)
Will     .....                  (boots unavailable)
Stlth    +.........             (no amulet)
HPRegen  0.51/turn              g - ring of positive energy
MPRegen  0.09/turn              (no ring)

@: no status effects
A: large, unfitting armour, claws 3, regeneration 1, shaggy fur 1, tough skin 3
a: Renounce Religion


You were on level 4 of the Dungeon.
You worshipped Makhleb.
Makhleb was aware of your devotion.
You visited 1 branch of the dungeon, and saw 4 of its levels.

You collected 161 gold pieces.

Inventory:

Hand Weapons
 k - a +0 dagger of freezing
 l - a +0 hand axe
Missiles
 b - 72 stones
Armour
 c - a +2 robe (worn)
Jewellery
 g - a ring of positive energy (left claw)
Scrolls
 e - a scroll of teleportation
 f - 2 scrolls of remove curse
 i - a scroll of identify
 m - a scroll of fog
Potions
 d - 2 potions of flight


   Skills:
 * Level 1.2 Fighting
 - Level 1.5 Dodging
 - Level 1.0 Stealth
 * Level 0.7 Unarmed Combat
 * Level 1.7 Spellcasting
 + Level 1.0 Transmutations
 * Level 3.1 Earth Magic
 + Level 0.0 Invocations


You had 2 spell levels left.
You knew the following spells:

 Your Spells              Type           Power        Failure   Level
a - Sandblast             Erth           16%          8%          1
b - Passwall              Tmut/Erth      5%           19%         2

Your spell library contained the following spells:

 Spells                   Type           Power        Failure   Level
 Stone Arrow              Conj/Erth      8%           41%         3
 Petrify                  Tmut/Erth      6%           75%         4
 Lee's Rapid Deconstruct  Erth           4%           91%         5


Dungeon Overview and Level Annotations

Branches:
Dungeon (4/15)
 Temple: D:4-7

Altars:
Cheibriados
Elyvilon
Makhleb

Annotations:
D:3 1 runed translucent door, Crazy Yiuf, Terence


Innate Abilities, Weirdness & Mutations

You are too large for most types of armour.
You have claws for hands.
Your natural rate of healing is unusually fast.
You are covered in fur. (AC +1)
You have extremely tough skin. (AC +3)


Message History

You start resting.
HP restored.
You slide downwards.
The hatch slams shut behind you.
An ogre comes into view. It is wielding a +0 giant spiked club.
The ogre shouts!
The blast of sand hits the ogre.
The ogre is moderately wounded.
The ogre hits you with a +0 giant spiked club!
Ouch! That really hurt!
You are too injured to fight recklessly!
You feel much better.
The blast of sand hits the ogre.
The ogre is moderately wounded.
The ogre hits you with a +0 giant spiked club!!
Ouch! That really hurt!
* * * LOW HITPOINT WARNING * * *
You scratch the ogre but do no damage.
The ogre is moderately wounded.
The ogre hits you with a +0 giant spiked club!!
Ouch! That really hurt!
You die...

#.# #.#
#.# #.#
#.#
#.####.#
#.....O#
#@# ###


You could see an ogre.

Vanquished Creatures
  A worm (D:2)
  2 dart slugs
  3 leopard geckos
  5 bats
  A giant cockroach (D:1)
  9 goblins
  4 hobgoblins
  9 jackals
  4 kobolds
  A ball python (D:1)
  A frilled lizard (D:2)
  2 rats
42 creatures vanquished.

Notes
Turn   | Place    | Note
-------+----------+-------------------------------------------
     0 | D:1      | tkbsonic5 the Troll Earth Elementalist began the quest for
                  | the Orb.
     0 | D:1      | Reached XP level 1. HP: 16/16 MP: 1/1
   209 | D:1      | Reached XP level 2. HP: 26/26 MP: 3/3
   242 | D:1      | Learned a level 2 spell: Passwall
   456 | D:1      | Reached skill level 3 in Earth Magic
   667 | D:2      | Found a burning altar of Makhleb.
   721 | D:2      | Became a worshipper of Makhleb the Destroyer
   745 | D:2      | Reached skill level 1 in Fighting
   751 | D:2      | Reached XP level 3. HP: 33/33 MP: 4/4
   886 | D:2      | Found a snail-covered altar of Cheibriados.
  1112 | D:2      | Reached skill level 1 in Transmutations
  1218 | D:2      | Reached * piety under Makhleb
  1632 | D:3      | Found a runed translucent door.
  1633 | D:3      | Noticed Crazy Yiuf
  1845 | D:3      | Found a white marble altar of Elyvilon.
  1879 | D:3      | Noticed Terence
  2324 | D:4      | Noticed an ogre
  2328 | D:4      | Mangled by an ogre

Illustrated notes

Levels and vault maps discovered:
D:1:      minmay_arrival_loop, layout_loops_ring
D:2:      layout_loops_ring, lemuel_crystal_altar, cheibriados_altar_1,
          fountainhead, ebering_dispersal_statue_hall
D:3:      layout_basic, elyvilon_altar_5, uniq_crazy_yiuf_cottage, uniq_terence
D:4:      layout_basic, tgw_xom, dancing_weapons_uskayaw,
          minmay_temple_entry_hall, serial_shops,
          nicolae_shop_overgrown_old_shop

Skill      XL: |  1  2  3 |
---------------+----------+-----
Earth Magic    | 3 |  3.1
Fighting       | 1 |  1.2
Transmutations | 1 |  1.0
Dodging        | |  1.5
Stealth        | |  1.0
Unarmed Combat | |  0.7
Spellcasting   | |  1.7

Action                   || total
-------------------------++-------
Melee: Unarmed           ||    99
Throw: Dart              ||     2
 Cast: Sandblast         ||    26
  Use: Scroll            ||    10
       Potion            ||     7
 Stab: Sleeping          ||     1
Armor: Robe              ||    50
Dodge: Dodged            ||    51
